 Dungeon Crawl Stone Soup version 0.32-a0-683-ge26c5dbc97 (webtiles) character file.

Game seed: 14060379360507430564

87 Revguard the Cutter (level 4, -7/24 HPs)
             Began as a Vine Stalker Monk on Mar 12, 2024.
             Mangled by an ogre
             ... wielding a +0 giant spiked club
              (30 damage)
             ... on level 3 of the Dungeon.
             The game lasted 00:04:21 (1759 turns).

Revguard the Cutter (Vine Stalker Monk)             Turns: 1759, Time: 00:04:21

Health: -7/24      AC:  3    Str: 13    XL:     4   Next: 51%
Magic:  0/5        EV: 12    Int: 10    God:
Gold:   158        SH:  0    Dex: 19    Spells: 3/3 levels left

rFire   . . .        f - +1 short sword (speed)
rCold   . . .        (no shield)
rNeg    . . .        g - +0 leather armour
rPois   .            (no helmet)
rElec   .            (no cloak)
rCorr   .            (no gloves)
SInv    .            (no boots)
Will    .....        (no amulet)
Stlth   ++           (no ring)
HPRegen 1.04/turn    (no ring)
MPRegen 0.09/turn

%: guardian spirit
@: no status effects
A: fangs 2, regeneration 1, magic shield, antimagic bite, no potion heal 2
a: Convert to Beogh


You were on level 3 of the Dungeon.
You visited 1 branch of the dungeon, and saw 3 of its levels.

You collected 158 gold pieces.

Inventory:

Hand Weapons
 a - a +0 short sword
 f - a +1 short sword of speed (weapon)
Armour
 b - a +0 robe
 d - an orb of light
 g - a +0 leather armour (worn)
Jewellery
 k - a ring of magical power
Scrolls
 e - a scroll of teleportation {unknown}
 l - a scroll of revelation {unknown}
 m - a scroll of amnesia {unknown}
 o - a scroll of enchant weapon {unknown}
 p - 2 scrolls of identify {unknown}
 q - a scroll of blinking {unknown}
Potions
 c - a potion of ambrosia
 h - a potion of invisibility {unknown}
 i - a potion of lignification {unknown}
 j - a potion of enlightenment {unknown}
 n - a potion of resistance {unknown}


   Skills:
 + Level 3.1 Fighting
 * Level 3.3 Short Blades
 + Level 0.9 Armour
 + Level 2.7 Dodging
 + Level 1.6 Stealth
 + Level 1.1 Evocations


You had 3 spell levels left.
You didn't know any spells.
Your spell library was empty.

Dungeon Overview and Level Annotations

Branches:
Dungeon (3/15)

Altars:
Gozag


Innate Abilities, Weirdness & Mutations

You have extremely sharp teeth.
Your natural rate of healing is unusually fast.
When hurt, damage is shared between your health and your magic reserves.
Your bite disrupts and absorbs the magic of your enemies.
Potions cannot restore your health.


Message History

There is an open door here.
There is an open door here.
There is a stone staircase leading up here.
There is an open door here.
There is an open door here.
There is an open door here.
p - 2 scrolls labelled FEBBIY ATHU (gained 1)
You now have 149 gold pieces (gained 18).
There is an open door here.
There is an open door here.
Partly explored, can't reach some places.
Partly explored, can't reach some places.
Okay, then.
There is an open door here.
There is an open door here.
There is an open door here.
There is an open door here.
There is a stone staircase leading down here.
You climb downwards.
Found a stone.
Found a stone staircase leading up.
There is a stone staircase leading up here.
You see here a stone.
Found 9 gold pieces.
There is a stone staircase leading up here.
You now have 158 gold pieces (gained 9).
A dart slug comes into view.
An ogre comes into view. It is wielding a +0 giant spiked club.
The ogre shouts!
Found 6 gold pieces.
A hobgoblin comes into view.
An orc priest comes into view. It is wielding a +0 club.
The dart slug launches a dart at you. The slug dart hits you.
You hit the ogre.
The ogre is lightly wounded.
You hit the ogre. You bite the ogre. You drain its power.
The ogre is moderately wounded.
The ogre hits you with a +0 giant spiked club!!
Ouch! That really hurt!
You die...

#.# ..... #.# .....
#.############.....
.###..................
.....................
....<(.<.........#
######.###.......# #
...# #.......####.###
##### #......@O...go..
#######.w.......
#..$.........
#.########### #


You could see an ogre, an orc priest, a dart slug and a hobgoblin.

Vanquished Creatures
  An adder (D:2)
  A gnoll (D:1)
  2 dart slugs
  3 ribbon worms
  9 bats
  7 endoplasms
  7 giant cockroaches (D:1)
  A goblin (D:1)
  5 hobgoblins
  2 jackals (D:1)
  5 kobolds
  A quokka (D:2)
  4 ball pythons
  2 frilled lizards (D:1)
  4 rats (D:1)
54 creatures vanquished.

Notes
Turn   | Place    | Note
-------+----------+-------------------------------------------
     0 | D:1      | Revguard the Vine Stalker Monk began the quest for the Orb.
     0 | D:1      | Reached XP level 1. HP: 11/11 MP: 2/2
     6 | D:1      | Found a runed translucent door.
   107 | D:1      | Reached XP level 2. HP: 16/16 MP: 3/3
   309 | D:1      | Reached skill level 1 in Stealth
   309 | D:1      | Reached XP level 3. HP: 19/19 MP: 2/4
   631 | D:1      | Reached XP level 4. HP: 24/24 MP: 5/5
   812 | D:2      | Reached skill level 1 in Evocations
  1059 | D:2      | Found an opulent altar of Gozag.
  1754 | D:3      | Noticed an ogre
  1759 | D:3      | Mangled by an ogre

Illustrated notes

Levels and vault maps discovered:
D:1:      dpeg_arrival_caged_fury, layout_loops_cross,
          minmay_misc_feat_enclosed, corner_web_ring
D:2:      layout_basic, serial_forest, infiniplex_forest_clump_small,
          infiniplex_forest_straight_1, infiniplex_forest_end_3,
          infiniplex_forest_lined_corner, infiniplex_forest_clump_curved,
          infiniplex_forest_lined_room_2, infiniplex_forest_clump_cross,
          basic_altar
D:3:      layout_basic, nicolae_wu_jian_immortal_techniques

Skill      XL: |  1  2  3  4 |
---------------+-------------+-----
Short Blades   | 3 |  3.3
Stealth        | 1 |  1.6
Fighting       | 3 |  3.1
Evocations     | 1 |  1.1
Armour         | |  0.9
Dodging        | |  2.7

Action                     |  1- 3 |  4- 6 || total
---------------------------+-------+-------++-------
  Melee: Short sword       |   101 |    53 ||   154
         Bite              |    19 |    12 ||    31
   Stab: Sleeping          |     3 |     4 ||     7
 Armour: Robe              |    14 |       ||    14
         Leather armour    |    18 |    16 ||    34
  Dodge: Dodged            |    46 |    20 ||    66

Table legend: (Time is in decaauts)
 A = Elapsed time spent in this place.
 B = Non-inter-level travel time spent in this place.
 C = Inter-level travel time spent in this place.
 D = Time resting spent in this place.
 E = Time spent auto-exploring this place.
 F = Levels seen in this place.
 G = Mean time per level.
                   A        B        C        D        E       F      G
               +--------+--------+--------+--------+--------+-----+--------+
         Total |   1696 |   1638 |     58 |      0 |   1278 |   3 |  565.3 |
       Dungeon |   1696 |   1638 |     58 |      0 |   1278 |   3 |  565.3 |
               +--------+--------+--------+--------+--------+-----+--------+

Top non-repeatable levels by time:
     D:2: 918 daAuts
     D:1: 761 daAuts
     D:3: 16 daAuts
